 Dungeon Crawl Stone Soup version 0.28-a0-265-g048bc9fd10 (webtiles) character file.

Game seed: 4786308057007899450

8054 ryw the Martial Artist (level 11, -8/75 HPs)
             Began as a Demonspawn Monk on Aug 28, 2021.
             Was a High Priest of Hepliaklqana.
             Killed from afar by a hell hog (26 damage)
             ... with a fireball
             ... in a volcano.
             The game lasted 00:35:09 (13219 turns).

ryw the Martial Artist (Demonspawn Monk)           Turns: 13219, Time: 00:35:10

Health: -8/75      AC:  9    Str: 12    XL:     11   Next: 4%
Magic:  23/23      EV: 24    Int: 11    God:    Hepliaklqana [*****.]
Gold:   1275       SH:  6    Dex: 23    Spells: 10/10 levels left

rFire   . . .      SeeInvis .     - Unarmed
rCold   + . .      Faith    +   j - +0 buckler
rNeg    . . .      Spirit   .   K - +2 ring mail "Opalesol" {rC+ Slay+3}
rPois   .          Reflect  .   (no helmet)
rElec   .          Harm     .   H - +0 cloak
rCorr   .          Rampage  .   (no gloves)
Will    .....                   b - +0 pair of boots
Stlth   +++++.....              v - amulet of faith
HPRegen 0.22/turn               M - +4 ring of evasion
MPRegen 0.18/turn               O - ring of magical power

@: agile, about to teleport
A: reduced essence, claws 2, thin skeletal structure 2, powered by death 2,
powered by pain 1
a: Renounce Religion, Recall Ancestor, Ancestor Identity, Transference, Idealise


You were in a volcano.
You worshipped Hepliaklqana.
Hepliaklqana was extremely pleased with you.
You visited 3 branches of the dungeon, and saw 11 of its levels.
You also visited: Volcano.

You collected 1275 gold pieces.

Inventory:

Missiles
 f - 2 boomerangs (quivered)
Armour
 b - a +0 pair of boots (worn)
 j - a +0 buckler (worn)
 k - a +2 robe
 y - a +2 kite shield
 H - a +0 cloak (worn)
 K - the +2 ring mail "Opalesol" (worn) {rC+ Slay+3}
   (You acquired it in a volcano)

   Slay:      It affects your accuracy & damage with ranged weapons and melee
   (+3).
   rC:        It protects you from cold.
Jewellery
 a - an amulet of the acrobat
 v - an amulet of faith (around neck)
 D - an amulet of magic regeneration
 M - a +4 ring of evasion (left claw)
 O - a ring of magical power (right claw)
Wands
 d - a wand of iceblast (4)
 e - a wand of mindburst (27)
 n - a wand of paralysis (4)
 s - a wand of digging (5)
 t - a wand of flame (72)
Scrolls
 c - a scroll of fog
 g - 2 scrolls of amnesia {unknown}
 h - 2 scrolls of blinking {unknown}
 m - 2 scrolls of fear {unknown}
 o - 3 scrolls of teleportation
 p - 3 scrolls of holy word {unknown}
 C - a scroll of immolation {unknown}
 E - a scroll of identify
 F - a scroll of brand weapon {unknown}
 G - a scroll of enchant weapon {unknown}
 I - a scroll of magic mapping
 L - 2 scrolls of noise {unknown}
Potions
 i - 2 potions of attraction
 l - 3 potions of flight
 q - a potion of brilliance
 r - a potion of cancellation
 u - 11 potions of degeneration
 w - 2 potions of might
 x - a potion of magic {unknown}
 z - a potion of resistance {unknown}
 A - 2 potions of haste
 B - a potion of heal wounds {unknown}
 J - a potion of curing {unknown}
 N - a potion of berserk rage {unknown}


   Skills:
 - Level 7.3 Fighting
 + Level 7.4 Dodging
 - Level 5.0 Stealth
 - Level 5.0 Shields
 * Level 10.7 Unarmed Combat
 - Level 4.0 Invocations


You had 10 spell levels left.
You didn't know any spells.
Your spell library contained the following spells:

 Spells                   Type           Power      Damage    Failure   Level
 Apportation              Tloc           0%         N/A       63%         1
 Freeze                   Ice            0%         1d3       63%         1
 Slow                     Hex            0%         N/A       77%         2
 Call Canine Familiar     Summ           0%         N/A       94%         3
 Confusing Touch          Hex            0%         N/A       94%         3
 Frozen Ramparts          Ice            0%         1d2       94%         3
 Gell's Gravitas          Tloc           0%         N/A       94%         3
 Ignite Poison            Fire/Tmut/Pois 0%         N/A       94%         3
 Lesser Beckoning         Tloc           0%         N/A       94%         3
 Mephitic Cloud           Conj/Pois/Air  0%         N/A       94%         3
 Portal Projectile        Hex/Tloc       0%         N/A       94%         3
 Teleport Other           Tloc           0%         N/A       94%         3
 Animate Armour           Summ/Erth      0%         N/A       100%        4
 Hailstorm                Conj/Ice       0%         3d3       100%        4
 Leda's Liquefaction      Hex/Erth       0%         N/A       100%        4
 Alistair's Intoxication  Tmut/Pois      0%         N/A       100%        5
 Bolt of Magma            Conj/Fire/Erth 0%         4d4       100%        5
 Yara's Violent Unravell  Hex/Tmut       0%         3d3       100%        5
 Invisibility             Hex            0%         N/A       100%        6
 Borgnjor's Revivificati  Necr           0%         N/A       100%        8
 Necromutation            Tmut/Necr      0%         N/A       100%        8
 Death's Door             Necr           0%         N/A       100%        9


Dungeon Overview and Level Annotations

Branches:
Dungeon (9/15)             Temple (1/1) D:4            Lair (1/6) D:9
    Orc (0/2) D:9         Volcano (1/1)

Altars:
Ashenzari
Cheibriados
Elyvilon
Fedhas
Gozag
Hepliaklqana
Kikubaaqudgha
Makhleb
Nemelex Xobeh
Okawaru
Qazlal
Ru
Sif Muna
Trog
Uskayaw
Vehumet
Wu Jian
Xom
Yredelemnul
Zin

Annotations:
D:4 Eustachio


Innate Abilities, Weirdness & Mutations

Your life essence is reduced to manifest your ancestor. (-10% HP)
You have very sharp fingernails.
You have a moderately thin skeletal structure. (Dex +4, Stealth++)
You regenerate health from kills.
You sometimes gain a little power by taking damage.


Message History

The steam dragon bites you but does no damage.
The steam dragon claws you but does no damage.
Unknown command.
You closely miss the steam dragon.
The steam dragon is almost dead.
You block the hell hog's attack.
Cuahtemoc casts a spell at the steam dragon.
The steam dragon seems to slow down.
You block the steam dragon's attack. The steam dragon barely misses you.
Unknown command.
You catch the helpless steam dragon completely off-guard!
You claw the steam dragon!
You kill the steam dragon!
The hell hog breathes fire at you.
The fireball explodes!
The fireball engulfs you!!!
* * * LOW HITPOINT WARNING * * *
You focus on the pain.
You feel your power returning.
The fireball engulfs Cuahtemoc!
Cuahtemoc resists.
The fireball engulfs the hell hog.
The hell hog resists.
Cuahtemoc points at the hell hog and mumbles some strange words.
The hell hog easily resists.
The hell hound breathes flames at you. The blast of flame misses you.
Training target 5.0 for Stealth reached!
Your Stealth skill increases to level 5!
You swap places.
The hell hog bites Cuahtemoc!
Cuahtemoc hits the hell hog with a +0 dagger of draining!
The hell hog bites Cuahtemoc but does no damage.
The hell hound bites Cuahtemoc!
Cuahtemoc is destroyed!
As you read the scroll of teleportation, it crumbles to dust.
You feel strangely unstable. The hell hound breathes flames at you.
The blast of flame hits the hell hog.
The hell hog resists.
The blast of flame misses you. The hell hog barely misses you.
Unknown command.
The hell hog breathes fire at you.
The fireball explodes!
The fireball engulfs you!!
You die...

.........###.
......§≈≈.≈.≈§.......
.....≈§§≈≈≈≈§≈§.....##
#....≈§≈≈≈§≈§§§≈.....#
.....§§≈≈§≈≈≈≈≈.....##
#....≈≈≈§§≈≈≈§≈.....#
#..§§≈≈≈§≈≈≈≈......#
#....≈.§.≈....h#.#
#............@#.## ##
##...##..###..###h##≈≈##
#...####.# #### ##.§§§≈#
###.## ### #..≈§§#
###..# .$[.≈○☼# ##§..###
##.!≈§○≈# #§§.∩.∩###
$)∩.≈≈≈# #≈§......#
)..≈§≈## ##≈≈...###
..≈≈≈≈#


You could see a hell hog (catching breath).

Vanquished Creatures
  A cane toad (Lair:1)
  2 komodo dragons
  A hornet (D:9)
  A shadow (D:9)
  A wraith (D:9)
  A wyvern (D:9)
  A steam dragon (Volcano)
  A water moccasin (Lair:1)
  A swamp drake (D:9)
  An ice beast (D:6)
  2 sky beasts
  3 ogres
  5 orc warriors
  2 phantoms
  Blork the orc (D:7)
  2 kobold brigands
  A scorpion (D:4)
  4 bullfrogs
  3 gnoll sergeants
  A wyvern skeleton (D:6)
  A water moccasin skeleton (D:4)
  5 killer bees (D:9)
  9 wights
  A crimson imp (D:6)
  A centaur zombie (D:8)
  A jelly (D:6)
  2 orc priests
  A centaur skeleton (D:7)
  An iguana (D:6)
  Natasha (thrice) (D:2)
  2 orc wizards
  A killer bee zombie (D:9)
  A hexer (D:8)
  A howler monkey zombie (D:7)
  7 gnolls
  5 adders
  2 shadow imps
  An ufetubus (D:6)
  3 worms (D:3)
  4 dart slugs
  25 orcs
  8 endoplasms
  3 giant cockroaches
  10 hobgoblins
  6 jackals
  9 kobolds
  5 quokkas
  9 ball pythons
  11 bats
  2 frilled lizards
  5 goblins
  5 rats
185 creatures vanquished.

Vanquished Creatures (collateral kills)
  Erolcha (D:9)
  Pikel (D:5)
  A troll (D:8)
  A water moccasin (Lair:1)
  3 orc warriors (D:7)
  An ice beast (D:6)
  A sky beast (D:6)
  A black bear (D:6)
  An ogre (D:5)
  A necrophage (D:4)
  A centaur (D:7)
  A kobold brigand (D:8)
  A killer bee (D:9)
  5 wights
  A howler monkey (D:6)
  3 crimson imps (D:6)
  A bullfrog zombie (D:5)
  2 hounds
  A jelly (D:6)
  3 orc priests
  2 orc wizards
  5 gnolls (D:9)
  2 adders (D:5)
  7 orcs
  A jackal (D:5)
  6 kobolds
54 creatures vanquished.

Vanquished Creatures (others)
  5 hexers
  9 fungi (D:5)
  6 plants (D:3)
20 creatures vanquished.

Grand Total: 259 creatures vanquished

Notes
Turn   | Place    | Note
-------+----------+-------------------------------------------
     0 | D:1      | ryw the Demonspawn Monk began the quest for the Orb.
     0 | D:1      | Reached XP level 1. HP: 18/18 MP: 1/1
   267 | D:1      | Gained mutation: You have sharp fingernails. [demonic
                  | ancestry]
   267 | D:1      | Reached XP level 2. HP: 23/24 MP: 2/2
   422 | D:1      | Reached skill level 3 in Unarmed Combat
   829 | D:1      | Reached XP level 3. HP: 29/29 MP: 3/3
   996 | D:1      | Found a faded altar of an unknown god.
  1205 | D:2      | Noticed Natasha
  1214 | D:2      | Killed Natasha
  1529 | D:3      | Gained mutation: You regenerate a little health from kills.
                  | [demonic ancestry]
  1529 | D:3      | Reached XP level 4. HP: 36/37 MP: 4/4
  1603 | D:2      | Got Sif Muna's Volume of Fire and the Escort
  1613 | D:2      | Reached skill level 4 in Unarmed Combat
  1903 | D:2      | Noticed Natasha
  1913 | D:2      | Killed Natasha
  2294 | D:2      | Noticed Natasha
  2298 | D:2      | Killed Natasha
  2299 | D:2      | Gained mutation: You have a somewhat thin skeletal
                  | structure. (Dex +2, Stealth+) [demonic ancestry]
  2299 | D:2      | Reached XP level 5. HP: 39/42 MP: 5/5
  2426 | D:3      | Reached skill level 1 in Shields
  2658 | D:3      | Paralysed by a gnoll for 3 turns
  3544 | D:4      | Gained mutation: You sometimes gain a little power by
                  | taking damage. [demonic ancestry]
  3544 | D:4      | Reached XP level 6. HP: 26/49 MP: 6/6
  3690 | D:4      | Reached skill level 5 in Unarmed Combat
  3743 | D:4      | Noticed Eustachio
  3970 | D:4      | Noticed an orc warrior
  4277 | D:3      | Killed an orc warrior
  4471 | D:4      | Found a staircase to the Ecumenical Temple.
  4502 | Temple   | Entered the Ecumenical Temple
  4565 | Temple   | Became a worshipper of Hepliaklqana the Forgotten
  4565 | Temple   | Reached * piety under Hepliaklqana
  4565 | Temple   | Reached ** piety under Hepliaklqana
  4574 | D:4      | Remembered your ancestor Cuahtemoc as a hexer
  4723 | D:4      | Found an ancient bone altar of Kikubaaqudgha.
  4729 | D:4      | Gained mutation: You have a moderately thin skeletal
                  | structure. (Dex +4, Stealth++) [demonic ancestry]
  4729 | D:4      | Reached XP level 7. HP: 30/49 MP: 7/7
  5125 | D:4      | Reached skill level 5 in Fighting
  5186 | D:5      | Entered Level 5 of the Dungeon
  5249 | D:5      | You fall into a shaft and drop 1 floor!
  5301 | D:5      | Found a basalt altar of Yredelemnul.
  5317 | D:5      | Reached skill level 6 in Unarmed Combat
  5430 | D:5      | Found a stormy altar of Qazlal.
  5788 | D:5      | Reached XP level 8. HP: 56/56 MP: 8/8
  5845 | D:5      | Reached *** piety under Hepliaklqana
  6700 | D:6      | Reached skill level 7 in Unarmed Combat
  7155 | D:6      | Found a shimmering altar of Xom.
  7260 | D:6      | Reached skill level 5 in Dodging
  7260 | D:6      | Gained mutation: You regenerate health from kills. [demonic
                  | ancestry]
  7260 | D:6      | Reached XP level 9. HP: 63/63 MP: 9/9
  7558 | D:7      | Noticed Blork the orc
  7937 | D:6      | Reached skill level 8 in Unarmed Combat
  8078 | D:6      | Identified a scroll of acquirement
  8078 | D:6      | Acquired 756 gold pieces
  8460 | D:6      | Reached skill level 5 in Shields
  8798 | D:7      | Killed Blork the orc
  9763 | D:8      | Reached skill level 9 in Unarmed Combat
  9861 | D:8      | Noticed Pikel
  9937 | D:5      | Killed Pikel
  9938 | D:5      | Reached skill level 1 in Invocations
  9938 | D:5      | Reached XP level 10. HP: 54/71 MP: 9/11
 10806 | D:8      | Reached **** piety under Hepliaklqana
 11197 | D:9      | Found a staircase to the Lair.
 11797 | D:9      | Found a broken altar of Ashenzari.
 11797 | D:9      | Found a faded altar of an unknown god.
 11797 | D:9      | Noticed Erolcha
 11809 | D:9      | Killed Erolcha
 11810 | D:9      | Reached skill level 10 in Unarmed Combat
 11812 | D:9      | Found a faded altar of an unknown god.
 11814 | D:9      | Found a radiant altar of Vehumet.
 11816 | D:9      | Found a burning altar of Makhleb.
 12297 | D:9      | Found a hide-covered altar of Uskayaw.
 12302 | D:9      | Found an ornate altar of the Wu Jian Council.
 12676 | D:9      | Found a staircase to the Orcish Mines.
 12797 | Lair:1   | Entered Level 1 of the Lair of Beasts
 13084 | Lair:1   | Noticed a cane toad
 13097 | Lair:1   | Killed a cane toad
 13098 | Lair:1   | Gained mutation: You have very sharp fingernails. [demonic
                  | ancestry]
 13098 | Lair:1   | Reached XP level 11. HP: 75/75 MP: 14/14
 13107 | Lair:1   | Reached ***** piety under Hepliaklqana
 13149 | Lair:1   | Found a dark tunnel.
 13156 | Volcano  | Entered a volcano
 13186 | Volcano  | Acquired the +2 ring mail "Opalesol" {rC+ Slay+3}
 13203 | Volcano  | Noticed a hell hog
 13215 | Volcano  | Reached skill level 5 in Stealth
 13219 | Volcano  | Killed from afar by a hell hog

Illustrated notes

Levels and vault maps discovered:
D:1:      ncdulo_halloftheorcs, layout_loops_ring,
          shapermc_ecumenical_altar_mp_vishouse
D:2:      minmay_spotlight, layout_basic, uniq_natasha
D:3:      cheibrodos_old_hovel, layout_basic, kennysheep_generic_room_2
D:4:      layout_basic, kiku_gazebo_pond_becter,
          minmay_temple_entry_antechambers, uniq_eustachio
D:5:      layout_basic, mainiacjoe_overflow_catch_the_wave,
          grunt_decor_one_mirror
D:6:      layout_rooms, led_xom_imps, chequers_serial_rivers_micro_e,
          minmay_crossroads
D:7:      layout_cave_pools, nicolae_overflow_hidden_temple, st_stairs_8,
          sword_in_stone
D:8:      layout_cave_pools, grunt_ministairs_11, uniq_pikel
D:9:      layout_irregular_city, minitemple,
          chequers_temple_overflow_minitemple, lair_entry_dummy, erik_orc_1,
          hangedman_decor_push, uniq_erolcha
Temple:   eino_wide_crystal_templ
Lair:1:   layout_chaotic_city, enter_volcano_2, st_stairs_5
Volcano:  volcano_pools

Skill      XL: |  1  2  3  4  5  6  7  8  9 10 11 |
---------------+----------------------------------+-----
Unarmed Combat | 3 4 5 6 7 9 10 | 10.7
Fighting       | 4 5 6 7 |  7.3
Shields        | 1 2 3 4 5 |  5.0
Dodging        | 3 4 5 6 7 |  7.4
Stealth        | 2 4 5 |  5.0
Invocations    | 1 4 |  4.0

Action                   |  1- 3 |  4- 6 |  7- 9 | 10-12 || total
-------------------------+-------+-------+-------+-------++-------
Melee: Unarmed           |    59 |       |   100 |   218 ||   377
       Whip              |    33 |   133 |   181 |       ||   347
Throw: Boomerang         |       |       |     2 |     1 ||     3
Invok: Ancestor Life: He |       |     1 |       |       ||     1
       Ancestor Identity |       |     1 |       |       ||     1
       Recall Ancestor   |       |       |     7 |     3 ||    10
  Use: Scroll            |       |       |     9 |     3 ||    12
 Stab: Sleeping          |     6 |     8 |    12 |     8 ||    34
       Distracted        |       |       |     9 |     6 ||    15
       Confused          |       |       |     4 |       ||     4
Armor: Robe              |    11 |       |     7 |    24 ||    42
       Leather armour    |     8 |    26 |    24 |       ||    58
       Ring mail         |       |       |       |     4 ||     4
Dodge: Dodged            |    52 |    67 |   164 |   129 ||   412
Block: Buckler           |       |    21 |    81 |    57 ||   159

Table legend: (Time is in decaauts)
 A = Elapsed time spent in this place.
 B = Non-inter-level travel time spent in this place.
 C = Inter-level travel time spent in this place.
 D = Time resting spent in this place.
 E = Time spent auto-exploring this place.
 F = Levels seen in this place.
 G = Mean time per level.
                   A        B        C        D        E       F      G
               +--------+--------+--------+--------+--------+-----+--------+
         Total |  13256 |  12321 |    935 |   3738 |   5504 |  12 | 1104.7 |
       Dungeon |  12771 |  11842 |    929 |   3692 |   5239 |   9 | 1419.0 |
        Temple |     70 |     64 |      6 |      0 |     34 |   1 |   70.0 |
          Lair |    353 |    353 |      0 |     46 |    210 |   1 |  353.0 |
       Volcano |     59 |     59 |      0 |      0 |     21 |   1 |   59.0 |
               +--------+--------+--------+--------+--------+-----+--------+

Top non-repeatable levels by time:
     D:6: 2057 daAuts
     D:5: 1828 daAuts
     D:3: 1517 daAuts
     D:9: 1507 daAuts
     D:2: 1326 daAuts
     D:4: 1213 daAuts
     D:7: 1186 daAuts
     D:1: 1101 daAuts
     D:8: 1033 daAuts
  Lair:1: 353 daAuts
  Temple: 70 daAuts
 Volcano: 59 daAuts
